Map: Base du roi Sejong EC

Players

qayxcv - Winner!

  • Race: Terran Terran
  • League: Gold
  • Spawn Location: 5:00

zidar

  • Race: Zerg Zerg
  • League: Gold
  • Spawn Location: 11:00

VOD

Have the link to the VOD?

Description

Time

  • Played on: June 13, 2016, 1:58 p.m.
  • Length: 9:12
Show
View Real Time Build Order
Export as new Build Order

qayxcv Terran - Winner!

Build Orders:  

Get SALT Encoding   

  12  0:01  SCV  
  13  0:13  SCV  
  14  0:18  Supply Depot  
  14  0:28  Refinery, SCV  
  15  0:40  SCV  
  16  0:47  Barracks  
  16  0:52  SCV  
  17  1:05  SCV  
  18  1:17  SCV  
  19  1:29  SCV  
  20  1:36  Barracks Reactor  
  20  1:38  Supply Depot  
  20  1:41  SCV  
  21  1:53  SCV  
  22  2:01  Barracks  
  22  2:05  SCV  
  23  2:09  Command Center  
  23  2:13  Marine x2  
  25  2:20  Orbital Command  
  25  2:31  Marine x2  
  27  2:38  Supply Depot  
  27  2:51  SCV  
  27  2:52  Barracks Tech Lab  
  27  2:55  Bunker  
  28  3:03  SCV  
  29  3:07  Marine x2  
  29  3:11  Stimpack  
  31  3:15  Marine, SCV  
  33  3:24  Marine  
  34  3:27  SCV  
  34  3:31  Marine  
  34  3:33  Marine  
  37  3:37  Factory  
  37  3:39  SCV  
  38  3:46  SCV  
  39  3:53  Refinery, SCV  
  40  3:58  SCV  
  41  4:03  Supply Depot  
  41  4:05  SCV  
  41  4:06  Marine x2  
  44  4:10  SCV  
  45  4:17  SCV  
  45  4:22  Factory Tech Lab, SCV, Starport  
  47  4:24  Marine x3  
  47  4:29  SCV  
  51  4:34  SCV, Supply Depot  
  52  4:42  Marine x2  
  52  4:43  Siege Tank  
  57  4:46  SCV  
  57  4:47  Refinery  
  57  4:48  Refinery  
  57  4:50  SCV  
  59  4:57  Supply Depot  
  59  4:58  Marine, SCV  
  61  5:00  Marine, Starport Reactor  
  61  5:02  SCV  
  61  5:05  Barracks  
  63  5:07  Engineering Bay  
  63  5:10  SCV, Engineering Bay  
  64  5:21  Combat Shield, Supply Depot  
  64  5:22  SCV  
  64  5:26  Marine x3  
  68  5:38  Missile Turret  
  68  5:39  Terran Infantry Weapons Level 1  
  68  5:40  Terran Infantry Armor Level 1  
  68  5:44  SCV  
  68  5:48  Supply Depot  
  69  5:51  Missile Turret  
  69  5:54  Barracks  
  69  5:55  Sensor Tower  
  69  5:56  SCV  
  70  6:00  Barracks Tech Lab  
  70  6:01  Medivac  
  70  6:02  Medivac  
  74  6:08  SCV  
  74  6:11  Marine x3  
  76  6:17  Supply Depot  
  78  6:20  SCV  
  79  6:27  Siege Tank  
  79  6:28  Marine  
  79  6:29  Marine x2  
  82  6:40  Concussive Shells  
  82  6:41  Armory  
  82  6:45  Planetary Fortress  
  70  6:50  Marine x2  
  68  7:05  Liberator  
  68  7:07  Marine  
  68  7:08  Marine  
  70  7:10  Barracks Reactor  
  70  7:14  Barracks  
  70  7:17  Marine x2  
  75  7:25  Marine x2  
  77  7:30  Supply Depot  
  77  7:34  Bunker  
  77  7:35  Marine x2  
  79  7:43  Marine x2  
  81  7:52  Marine  
  81  7:53  Marine  
  81  7:57  Marine x2  
  85  8:01  Marine x2  
  85  8:02  Barracks  
  87  8:10  Marine  
  87  8:11  Marine  
  89  8:15  Marine x2  
  89  8:16  Siege Tank  
  89  8:19  Marine x3  
  97  8:28  Marine  
  97  8:29  Marine  
  97  8:33  Marine x2  
  101  8:36  Marine  
  101  8:37  Marine  
  101  8:40  Supply Depot  
  104  8:43  Barracks Reactor  
  104  8:46  Marine x2  
  105  8:50  Marine  
  105  8:51  Marine  
  89  9:03  Supply Depot  
Show
View Real Time Build Order
Export as new Build Order

zidar Zerg 

Build Orders: Hatch First 

Get SALT Encoding   

  12  0:01  Drone  
  13  0:12  Overlord  
  13  0:17  Drone  
  14  0:43  Hatchery  
  14  0:46  Drone  
  14  0:49  Extractor  
  13  0:51  Drone  
  15  1:01  Drone  
  16  1:05  Extractor  
  16  1:06  Drone  
  16  1:18  Spawning Pool  
  16  1:20  Drone  
  16  1:28  Drone  
  17  1:35  Drone  
  18  1:41  Drone  
  19  1:50  Drone  
  20  2:03  Overlord  
  20  2:05  Queen  
  22  2:08  Queen  
  24  2:19  Metabolic Boost  
  24  2:21  Zergling x2  
  25  2:23  Zergling x2  
  25  2:25  Zergling x2  
  27  2:36  Drone  
  27  2:37  Drone x2  
  30  2:48  Drone  
  31  2:57  Roach Warren  
  30  3:03  Drone x4  
  33  3:16  Extractor  
  33  3:18  Drone  
  33  3:19  Drone  
  34  3:25  Drone x2  
  36  3:28  Overlord x2  
  36  3:39  Overlord  
  36  4:05  Roach x9  
  36  4:09  Drone x2  
  56  4:16  Drone  
  57  4:22  Drone  
  58  4:27  Ravager x2  
  58  4:30  Overlord x2  
  60  4:38  Extractor  
  60  4:39  Drone  
  62  4:52  Drone  
  62  4:53  Drone x4  
  62  4:57  Extractor  
  65  5:00  Roach x3  
  65  5:02  Ravager  
  65  5:03  Ravager  
  73  5:11  Roach  
  75  5:16  Overlord x4  
  75  5:25  Drone  
  75  5:28  Extractor  
  75  5:29  Drone  
  76  5:38  Roach x4  
  76  5:42  Lair  
  84  5:48  Queen  
  86  6:01  Roach x3, Hatchery  
  86  6:02  Roach  
  93  6:26  Evolution Chamber  
  93  6:28  Evolution Chamber  
  52  7:08  Roach x5  
  52  7:09  Roach x14  
  88  7:19  Glial Reconstitution  
  88  7:26  Roach  
  88  7:27  Roach  
  92  7:31  Roach x3  
  92  7:34  Roach  
  100  7:43  Roach x3  
  106  7:57  Overlord  
  106  7:58  Overlord x2  
  106  7:59  Overlord  
  106  8:09  Overlord x3  
  106  8:10  Overlord x2  
  106  8:16  Ravager x6  
  112  8:21  Drone  
  112  8:22  Drone x6  
  112  8:23  Drone  
  124  8:34  Roach x3  
Tags
 
Add a new tag
Caveats
  • Supply blocks, unpowered buildings, or Contaminate may cause inaccurate times.
  • Supply counts are checked every 10 seconds.